 Dungeon Crawl Stone Soup version 0.16-a0-3219-g20c30b8 (webtiles) character file.

183 MackTheKnife the Sneak (level 5, -4/34 HPs)
             Began as an Octopode Wanderer on Dec 21, 2014.
             Slain by a quokka (5 damage)
             ... on level 4 of the Dungeon.
             The game lasted 00:07:33 (2925 turns).

MackTheKnife the Sneak (Octopode Wanderer)          Turns: 2925, Time: 00:07:33

Health: -4/34      AC:  1    Str: 15    XL:     5   Next: 62%
Magic:  9/9        EV: 11    Int: 17    God:
Gold:   97         SH:  0    Dex: 12    Spells: 1 memorised, 7 levels left

rFire  . . .     SeeInvis .     a - +3 hand axe
rCold  . . .     Clarity  .     (no shield)
rNeg   . . .     SustAb   .     (helmet restricted)
rPois  .         Gourm    +     q - amulet of the gourmand
rElec  .         Spirit   .     o - ring of teleport control
rCorr  .         Warding  .     p - +6 ring of strength
rMut   .         Stasis   .     (no ring)
MR     .....                    (no ring)
Stlth  +++++.....               (no ring)
                                (no ring)
                                (no ring)
                                (no ring)

@: not resistant to hostile enchantments, quite stealthy
A: almost no armour, amphibious, 8 rings, constrict 8, camouflage 1, gelatinous
body 1
a: Evoke Teleport Control


You were on level 4 of the Dungeon.
You were near starving.

You visited 1 branch of the dungeon, and saw 4 of its levels.

You collected 97 gold pieces.


Innate Abilities, Weirdness & Mutations

You cannot wear most types of armour.
You are amphibious.
You can wear up to eight rings at the same time.
You can use your tentacles to constrict many enemies at once.
Your skin changes colour to match your surroundings (Stealth).
Your rubbery body absorbs attacks (AC +1).


   Skills:
 - Level 2.1 Fighting
 - Level 1.1 Axes
 - Level 1.1 Throwing
 + Level 7.4 Stealth
 - Level 2.0 Spellcasting
   Level 3.0 Transmutations


You had 7 spell levels left.
You knew the following spells:

 Your Spells              Type           Power        Failure   Level  Hunger
z - Sandblast             Erth           #.....       21%         1    #......

Inventory:

Hand weapons
 a - a +3 hand axe (weapon)
Missiles
 d - 2 javelins of penetration (quivered)
 h - 121 stones
Jewellery
 n - an uncursed amulet of guardian spirit
 o - a ring of teleport control (left tentacle)
 p - a +6 ring of strength (right tentacle)
 q - an amulet of the gourmand (around mantle)
Scrolls
 e - a scroll of fear
 i - 2 scrolls of teleportation
 j - 2 scrolls of identify
 m - a scroll of remove curse
 r - 2 scrolls of enchant armour
 t - a scroll of magic mapping
Potions
 l - a potion of resistance {unknown}
Books
 b - Qoyjaj's Incunabulum of Attacks

   Spells                             Type                      Level
   a - Searing Ray                    Conjuration                  2
   b - Throw Frost                    Conjuration/Ice              2
 c - the Compendium of the Rocks

   Spells                             Type                      Level
   a - Sandblast                      Earth                        1
   b - Stone Arrow                    Conjuration/Earth            3
Comestibles
 f - 3 bread rations
 g - a meat ration
 k - 3 royal jellies
 s - a slice of pizza

. ## ..#. ..
..#....# ...#
..#... ..#.#.....
#.#...#...
........
#.)o###.#####
#rx.o..o..K
.......†.###..o.o.
##.##..## #o. #..
.... .##.# #. ..


You could see an orc priest (wandering), 2 orc wizards, 3 orcs, a quokka and a
kobold (wandering).


Message History

You hit the orc. You grab the orc.
The orc is severely wounded.
You closely miss the orc. The orc closely misses you.
The orc barely misses you.
You are near starving!
You hit the orc.
You kill the orc!
You closely miss the orc. The orc hits you.
You barely miss the orc. You grab the orc. You constrict the orc.
The orc shouts!
The orc barely misses you.
The orc moves out of view.
An orc wizard comes into view. It is wielding a dagger.
You slash the orc!
You kill the orc!
You barely miss the orc. The orc wizard casts a spell at you.
The magic dart hits you!
* * * LOW HITPOINT WARNING * * *
The orc hits you with a hand axe.
* * * LOW HITPOINT WARNING * * *
The orc shouts!
The orc wizard gestures at you while chanting.
The magic dart hits you!
* * * LOW HITPOINT WARNING * * *
A kobold and an orc priest come into view.
There is a stone staircase leading up here.
The quokka barely misses you. The orc hits you with a hand axe.
* * * LOW HITPOINT WARNING * * *
The quokka bites you.
You die...

Action                   |  1- 3 |  4- 6 || total
-------------------------+-------+-------++-------
Melee: Hand axe          |    58 |    48 ||   106
Throw: Javelin           |     1 |       ||     1
 Cast: Sandblast         |    14 |       ||    14
  Use: Scroll            |     2 |     6 ||     8
       Potion            |       |     1 ||     1
 Stab: Sleeping          |    10 |     7 ||    17
  Eat: Chunk             |     2 |     3 ||     5

Vault maps used:
D:1:      saegor_arrival_simple_a, lexackson_kobold_supper
D:2:      nicolae_qazlal_eye_of_the_storm
D:4:      grunt_temple_overflow_champion_of_chaos, serial_shops, shop,
          first_bread, minmay_splitting_lines, kennysheep_generic_room_6,
          uniq_eustachio

Notes
Turn   | Place    | Note
--------------------------------------------------------------
     0 | D:1      | MackTheKnife, the Octopode Wanderer, began the quest for the Orb.
     0 | D:1      | MackTheKnife set off with: a +2 hand axe, Qoyjaj's Incunabulum of Attacks, the Compendium of the Rocks, a bread ration
     0 | D:1      | Reached XP level 1. HP: 14/14 MP: 3/3
     0 | D:1      | Identified Qoyjaj's Incunabulum of Attacks
     0 | D:1      | Identified the Compendium of the Rocks
     2 | D:1      | Learned a level 1 spell: Sandblast
   248 | D:1      | Reached skill level 2 in Stealth
   248 | D:1      | Reached XP level 2. HP: 19/19 MP: 4/4
   295 | D:1      | Reached skill level 3 in Stealth
   751 | D:1      | Reached XP level 3. HP: 16/24 MP: 0/6
  1029 | D:1      | Reached skill level 4 in Stealth
  1520 | D:2      | Found a stormy altar of Qazlal.
  1688 | D:2      | Reached skill level 5 in Stealth
  1688 | D:2      | Reached XP level 4. HP: 29/29 MP: 7/7
  2515 | D:3      | Noticed a sky beast
  2524 | D:3      | HP: 2/29 [sky beast (4)]
  2526 | D:3      | Killed a sky beast
  2526 | D:3      | Reached skill level 7 in Stealth
  2526 | D:3      | Reached XP level 5. HP: 2/34 MP: 1/9
  2925 | D:4      | HP: 1/34 [orc/hand axe (5)]
  2925 | D:4      | Slain by a quokka

Vanquished Creatures
  A sky beast (D:3)
  3 adders (D:2)
  A worm (D:2)
  4 giant geckos
  7 orcs
  A ball python (D:1)
  5 goblins
  4 hobgoblins
  12 kobolds
  6 bats
  4 giant cockroaches
  A giant newt (D:1)
  6 jackals
  7 rats
62 creatures vanquished.

Vanquished Creatures (others)
  A worm (D:2)
1 creature vanquished.

Grand Total: 63 creatures vanquished
